 Dungeon Crawl Stone Soup version 0.31-a0-175-g9f7f995f2b (webtiles) character file.

Game seed: 4164067817875882140

108 qw the Chopper (level 4, -2/28 HPs)
             Began as a Gargoyle Fighter on June 17, 2023.
             Frozen to death by an endoplasm (4 damage)
             ... on level 2 of the Dungeon.
             The game lasted 00:00:37 (1144 turns).

qw the Chopper (Gargoyle Fighter)                   Turns: 1144, Time: 00:00:37

Health: -2/28      AC:  4    Str: 22    XL:     4   Next: 87%
Magic:  4/4        EV:  9    Int:  8    God:
Gold:   65         SH:  4    Dex:  9    Spells: 3/3 levels left

rFire   . . .        Y - +0 war axe
rCold   . . .        c - +0 buckler
rNeg    + . .        b - +0 scale mail
rPois   inf          g - +1 helmet
rElec   +            (no cloak)
rCorr   .            (no gloves)
SInv    .            (no boots)
Will    .....        (no amulet) Stlth
                     (no ring)
HPRegen 0.24/turn    (no ring)
MPRegen 0.09/turn

%: no passive effects
@: corroded
A: sickness immunity, AC +3, negative energy resistance 1, electricity
resistance, torment resistance 1, petrification resistance
a: no special abilities


You were on level 2 of the Dungeon.
You visited 1 branch of the dungeon, and saw 2 of its levels.

You collected 65 gold pieces.


Innate Abilities, Weirdness & Mutations

You are immune to sickness and miasma.
Your stone body is resilient. (AC +3)
You are immune to poison.
You resist negative energy. (rN+)
You are resistant to electric shocks. (rElec)
You are resistant to unholy torment.
You are immune to petrification.


   Skills:
 - Level 3.2 Fighting
 + Level 4.4 Axes
 - Level 3.2 Armour
 - Level 3.2 Shields


You had 3 spell levels left.
You didn't know any spells.
Your spell library was empty.

Inventory:

Hand Weapons
 j - a +1 whip of venom
 Y - a +0 war axe (weapon)
Armour
 b - a +0 scale mail (worn)
 c - a +0 buckler (worn)
 g - a +1 helmet (worn)
Potions
 d - a potion of might
 e - a potion of curing {unknown}

Dungeon Overview and Level Annotations

Branches:
Dungeon (2/15)

Altars:


Message History

You slash the jelly!
Your hands burn!
The jelly is severely wounded.
You hit the endoplasm but do no damage.
A nearby fungus withers and dies.
The endoplasm freezes you.
You are frozen.
You block the jelly's attack.
You hit the jelly but do no damage.
Your hands burn!
The jelly is severely wounded.
You hit the endoplasm. The endoplasm freezes you.
You are frozen.
The endoplasm hits the toadstool but does no damage.
The jelly hits you but does no damage.
You hit the jelly but do no damage.
Your hands burn!
The jelly is severely wounded.
You hit the endoplasm.
You kill the endoplasm!
The jelly hits you. The acid corrodes you!
You are splashed with acid.
The jelly closely misses you. The endoplasm freezes you.
You are frozen.
You block the endoplasm's attack.
You slash the jelly!
You kill the jelly!
You slash the endoplasm!
You kill the endoplasm!
You hit the endoplasm. The endoplasm hits you.
You barely miss the endoplasm.
The endoplasm is moderately wounded.
You hit the endoplasm. The endoplasm freezes you.
You are frozen.
The endoplasm misses you.
You completely miss the endoplasm.
The endoplasm is lightly wounded.
You barely miss the endoplasm.
The endoplasm hits you but does no damage.
The endoplasm hits you. The endoplasm freezes you.
You are frozen.
You die...

### ####......
#$..%..##)#########.....
#P.PP..#.#.#....###.....
#..%...#.#.#.....##....#
#P.P..P#.#'#...).)'..#.#
#....%%#.#.......)'..#.#
#%PP.P.#.#.......)'....#
#......#.#.......##.....
#PPPP.J@##....).####.###
#.....J########## .#
####### .# .#


You could see 2 endoplasms.

Vanquished Creatures
  2 jellies (D:2)
  3 ball pythons (D:1)
  11 endoplasms
  A giant cockroach (D:1)
  4 goblins (D:1)
  3 hobgoblins (D:1)
  4 jackals (D:1)
  11 kobolds
  A quokka (D:1)
  A bat (D:1)
  2 frilled lizards (D:1)
  2 rats (D:1)
45 creatures vanquished.

Notes
Turn   | Place    | Note
-------+----------+-------------------------------------------
     0 | D:1      | qw the Gargoyle Fighter began the quest for the Orb.
     0 | D:1      | Reached XP level 1. HP: 14/14 MP: 1/1
     0 | D:1      | 0 ||| qw: Version: 0.3-a-2-g5ab2908
     0 | D:1      | 0 ||| qw: Game counter: 169
     0 | D:1      | 0 ||| qw: Always use a shield: true
     0 | D:1      | 0 ||| qw: God list: Okawaru
     0 | D:1      | 0 ||| qw: Allow faded altars: false
     0 | D:1      | 0 ||| qw: Do Orc after D:15 true
     0 | D:1      | 0 ||| qw: Do second Lair branch before Depths: true
     0 | D:1      | 0 ||| qw: Lair rune preference: random
     0 | D:1      | 0 ||| qw: Plans: Normal, Zot:1-4, Slime:5, God:TSO, Crypt,
                  | Tomb, Abyss, Pan, Hells, Win
     0 | D:1      | 0 ||| PLANNING D:1-11
    53 | D:1      | Reached skill level 2 in Axes
    88 | D:1      | 88 ||| Stepping ~*~*~tactically~*~*~ (stealth).
    93 | D:1      | Reached XP level 2. HP: 17/19 MP: 2/2
   348 | D:1      | 348 ||| DROPPING +0 club.
   374 | D:1      | Reached skill level 3 in Axes
   378 | D:1      | Reached XP level 3. HP: 22/23 MP: 3/3
   534 | D:1      | Found a faded altar of an unknown god.
   895 | D:1      | 895 ||| UPGRADING to +1 helmet.
   900 | D:1      | 900 ||| READING scroll labelled LOSOASH RUVAI.
   901 | D:1      | 901 ||| READING scroll labelled OTRA KOURALAV.
   905 | D:1      | 905 ||| READING scroll labelled XADGHOL CUSATZ.
   999 | D:2      | 999 ||| Stepping ~*~*~tactically~*~*~ (stealth).
  1015 | D:2      | 1015 ||| Stepping ~*~*~tactically~*~*~ (hiding).
  1139 | D:2      | Reached skill level 4 in Axes
  1139 | D:2      | Reached XP level 4. HP: 26/28 MP: 4/4
  1141 | D:2      | HP: 7/28 [acid (6)]
  1143 | D:2      | HP: 2/28 [frozen (2)]
  1144 | D:2      | Frozen to death by an endoplasm

Levels and vault maps discovered:
D:1:      dpeg_arrival_central, layout_loops_ring, ebering_ecumenical_altar_webs
D:2:      cheibrodos_fertilizer, layout_basic, serial_bayou,
          serial_bayou_ford_a, serial_bayou_lagoon_a, serial_bayou_pond_b,
          serial_bayou_shore_b, serial_bayou_pond_b, uniq_natasha

Skill      XL: |  1  2  3 |
---------------+----------+-----
Axes           | 2 3 4 |  4.4
Fighting       | |  3.2
Armour         | |  3.2
Shields        | |  3.2

Action                     |  1- 3 |  4- 6 || total
---------------------------+-------+-------++-------
  Melee: War axe           |    99 |     6 ||   105
    Use: Scroll            |     3 |       ||     3
 Armour: Scale mail        |    47 |     2 ||    49
  Dodge: Dodged            |    33 |     2 ||    35
  Block: Buckler           |    20 |     2 ||    22

Table legend:
 A = Non-vault XP
 B = Vault XP
 C = Vault XP percentage of total XP
 D = Non-vault monster count
 E = Vault monster count
 F = Vault count percentage of total count
                 A         B        C        D         E       F
            +---------+---------+-------+---------+---------+-------
      Total |      54 |     101 |  65.2 |      30 |      15 |  33.3
            +---------+---------+-------+---------+---------+-------
        D:1 |      52 |       0 |   0.0 |      29 |       0 |   0.0
        D:2 |       2 |     101 |  98.1 |       1 |      15 |  93.8
            +---------+---------+-------+---------+---------+-------
